 Dungeon Crawl Stone Soup version 0.17.1-2-g5865329 (webtiles) character file.

387 FortyThree the Insei (level 6, -3/45 HPs)
             Began as an Octopode Monk on Jan 28, 2016.
             Was a Believer of Kikubaaqudgha.
             Slain by an ogre
             ... wielding a +0 giant club
              (22 damage)
             ... on level 5 of the Dungeon.
             The game lasted 00:11:08 (4201 turns).

FortyThree the Insei (Octopode Monk)                Turns: 4201, Time: 00:11:09

Health: -3/45      AC:  1    Str: 10    XL:     6   Next: 78%
Magic:  6/6        EV: 14    Int: 13    God:    Kikubaaqudgha [**....]
Gold:   207        SH:  0    Dex: 16    Spells: 0 memorised, 5 levels left

rFire  + . .     SeeInvis .       - Unarmed
rCold  . . .     Clarity  .     (no shield)
rNeg   . . .     SustAt   .     (helmet restricted)
rPois  .         Gourm    .     (no amulet)
rElec  .         Spirit   .     l - ring of protection from fire
rCorr  .         Warding  .     (no ring)
rMut   .         Stasis   .     (no ring)
MR     .....                    (no ring)
Stlth  +++.......               (no ring)
                                (no ring)
                                (no ring)
                                (no ring)

@: not resistant to hostile enchantments, fairly stealthy
A: almost no armour, amphibious, 8 rings, constrict 8, camouflage 1, gelatinous
body 1
a: Receive Corpses, Renounce Religion


You were on level 5 of the Dungeon.
You worshipped Kikubaaqudgha.
Kikubaaqudgha was pleased with you.
You were not hungry.

You visited 2 branches of the dungeon, and saw 6 of its levels.
You also visited: Sewer.

You collected 207 gold pieces.

Inventory:

Jewellery
 l - a ring of protection from fire (left tentacle)
Scrolls
 c - a scroll of fog
 g - 4 scrolls of identify
 i - 2 scrolls of enchant weapon {unknown}
 m - a scroll of teleportation
Potions
 d - 4 potions of curing
 e - a potion of mutation {unknown}
 h - 2 potions of poison {unknown}
 k - 3 potions of flight {unknown}
 n - 4 potions of heal wounds {unknown}
 o - 3 potions of might {unknown}
 p - 3 potions of brilliance {unknown}
Books
 r - Kikubaaqudgha's Almanac of Evil Arts
   (Kikubaaqudgha gifted it to you in the Ecumenical Temple)

   Spells                             Type                      Level
   a - Animate Skeleton               Necromancy                   1
   b - Corpse Rot                     Necromancy                   2
   c - Sublimation of Blood           Necromancy                   2
   d - Regeneration                   Charms/Necromancy            3
   e - Control Undead                 Necromancy                   4
Comestibles
 a - 2 bread rations
 b - a fruit
 f - a slice of pizza
 j - 4 meat rations
 q - a chunk of flesh


   Skills:
 - Level 5.0 Fighting
 + Level 3.8 Dodging
 - Level 2.6 Stealth
 * Level 6.2 Unarmed Combat


You had 5 spell levels left.
You didn't know any spells.

Dungeon Overview and Level Annotations

Branches:
Dungeon (5/15)             Temple (1/1) D:4

Altars:
Ashenzari
Elyvilon
Fedhas
Kikubaaqudgha
Nemelex Xobeh
Okawaru
The Shining One

Annotations:
D:2 Sigmund


Innate Abilities, Weirdness & Mutations

You cannot wear most types of armour.
You are amphibious.
You can wear up to eight rings at the same time.
You can use your tentacles to constrict eight enemies at once.
Your skin changes colour to match your surroundings (Stealth).
Your rubbery body absorbs attacks (AC +1).


Message History

You bludgeon the ogre!
The ogre is moderately wounded.
The ogre hits you with a giant club!
You tentacle-slap the ogre. You squeeze the ogre.
The ogre is heavily wounded.
The ogre completely misses you.
You barely miss the ogre.
The ogre is heavily wounded.
You tentacle-slap the ogre.
The ogre is heavily wounded.
The ogre hits you with a giant club!!
Ouch! That really hurt!
* * * LOW HITPOINT WARNING * * *
You see here a hunting sling.
A giant gecko comes into view.
The giant gecko moves out of view.
Drink which item? (? for menu, Esc to quit)
You feel better. The ogre hits you with a giant club!!
You die...
Kikubaaqudgha rasps: "You have failed me!
Welcome... death!"

#..........# #..........#
#..........# ## #..........# .(
#..........# ## ## #.
#..........+ .##.. #.
#####..........##....
.###.#.#####...............(..# #
.........).....O@......>####.##..
.###.#.#####.######.###..........
... ..... ...# #.........# .....
.......####.# #....######
$....#.#####.#.# #.# #....#
..##.## #.#.####.###....# . #
.............#### .## ########.#
#### #.#


You could see an ogre.

Vanquished Creatures
  A big kobold (Sewer)
  A hound (D:5)
  A centaur skeleton (D:5)
  An orc wizard (D:3)
  An iguana (D:4)
  A worker ant (D:4)
  5 adders
  A river rat (D:5)
  2 oozes
  A worm (D:1)
  8 giant geckos
  13 orcs
  4 ball pythons
  9 bats
  4 giant cockroaches
  6 hobgoblins
  4 jackals (D:5)
  17 kobolds
  4 giant newts
  7 goblins
  A jackal zombie (D:5)
  15 rats
107 creatures vanquished.

Notes
Turn   | Place    | Note
--------------------------------------------------------------
     0 | D:1      | FortyThree the Octopode Monk began the quest for the Orb.
     0 | D:1      | Reached XP level 1. HP: 16/16 MP: 1/1
    90 | D:1      | Reached XP level 2. HP: 19/21 MP: 2/2
   212 | D:1      | Reached XP level 3. HP: 19/26 MP: 3/3
   931 | D:2      | Reached XP level 4. HP: 33/33 MP: 4/4
  1087 | D:2      | Noticed Sigmund
  1368 | D:3      | Reached skill level 5 in Unarmed Combat
  1506 | D:3      | Reached XP level 5. HP: 26/38 MP: 5/5
  2019 | D:3      | Found a sparkling altar of Nemelex Xobeh.
  2880 | D:4      | Found a staircase to the Ecumenical Temple.
  3067 | Temple   | Entered the Ecumenical Temple
  3154 | Temple   | Became a worshipper of Kikubaaqudgha
  3154 | Temple   | Reached * piety under Kikubaaqudgha
  3154 | Temple   | Received a gift from Kikubaaqudgha
  3154 | Temple   | Reached ** piety under Kikubaaqudgha
  3157 | Temple   | Identified Kikubaaqudgha's Almanac of Evil Arts (Kikubaaqudgha gifted it to you in the Ecumenical Temple)
  3261 | D:4      | Reached skill level 5 in Fighting
  3486 | D:5      | Entered Level 5 of the Dungeon
  3503 | D:5      | Reached XP level 6. HP: 35/45 MP: 6/6
  3557 | D:5      | Found a glowing drain.
  3609 | Sewer    | Entered a sewer
  4036 | Sewer    | Reached skill level 6 in Unarmed Combat
  4181 | D:5      | Noticed an ogre
  4201 | D:5      | Slain by an ogre

Action                   |  1- 3 |  4- 6 || total
-------------------------+-------+-------++-------
Melee: Unarmed           |    51 |   182 ||   233
  Use: Scroll            |     3 |     5 ||     8
       Potion            |       |     1 ||     1
 Stab: Sleeping          |     8 |    19 ||    27
       Distracted        |     2 |     1 ||     3
  Eat: Chunk             |       |     7 ||     7
       Fruit             |       |     4 ||     4
